 Dungeon Crawl Stone Soup version 0.17.1-2-g5865329 (webtiles) character file.

3536 Eucla the Nimble (level 10, -4/80 HPs)
             Began as a Merfolk Berserker on Mar 13, 2016.
             Was an Elder of Trog.
             Killed from afar by an orc wizard (9 damage)
             ... with a magic dart
             ... on level 8 of the Dungeon.
             The game lasted 00:13:04 (7601 turns).

Eucla the Nimble (Merfolk Berserker)                Turns: 7601, Time: 00:13:04

Health: -4/80      AC: 14    Str: 22    XL:     10   Next: 8%
Magic:  10/10      EV: 13    Int:  6    God:    Trog [****..]
Gold:   580        SH:  0    Dex: 17    Spells: 0 memorised, 9 levels left

rFire  . . .     SeeInvis .     y - +0 battleaxe
rCold  + . .     Clarity  .     x - +1 chain mail "Haareot" {rElec Str+4}
rNeg   . . .     SustAt   .     (shield currently unavailable)
rPois  .         Gourm    .     u - +0 helmet (curse)
rElec  +         Spirit   .     p - +0 cloak (curse)
rCorr  .         Warding  .     d - +1 pair of gloves
rMut   .         Rnd*Tele +     L - -2 pair of boots (curse)
MR     .....                    (no amulet)
Stlth  ..........               D - ring of teleportation (curse)
                                t - ring of protection from cold

@: exhausted, slowed, very slow, not resistant to hostile enchantments,
extremely unstealthy
A: change form in water, swift swim
a: Berserk, Trog's Hand, Brothers in Arms, Burn Spellbooks, Renounce Religion,
Evoke Teleportation


You were on level 8 of the Dungeon.
You worshipped Trog.
Trog was greatly pleased with you.
You were not hungry.

You visited 1 branch of the dungeon, and saw 8 of its levels.
You also visited: Ossuary.

You collected 580 gold pieces.

Inventory:

Hand Weapons
 a - a +1 hand axe
 y - a +0 battleaxe (weapon)
Armour
 b - a +0 animal skin
 d - a +1 pair of gloves (worn)
 p - a cursed +0 cloak (worn)
 q - a +0 chain mail
 u - a cursed +0 helmet (worn)
 x - the +1 chain mail "Haareot" (worn) {rElec Str+4}
   (You found it on level 7 of the Dungeon)

   It affects your strength (+4).
   It insulates you from electricity.
 C - a +0 ring mail of cold resistance
 L - a cursed -2 pair of boots (worn)
Jewellery
 t - a ring of protection from cold (left hand)
 B - an uncursed ring of wizardry
 D - a cursed ring of teleportation (right hand)
 I - an uncursed ring of protection from magic
Wands
 F - a wand of draining (15)
 M - a wand of paralysis (10)
Scrolls
 e - 2 scrolls of enchant armour
 g - a scroll of teleportation
 i - 2 scrolls of fear
 j - a scroll of amnesia
 k - 3 scrolls of blinking
 m - a scroll of fog
 n - 3 scrolls of magic mapping
 v - a scroll of enchant weapon
 A - 2 scrolls of identify
Potions
 f - 3 potions of curing
 o - a potion of flight {unknown}
 r - a potion of brilliance {unknown}
 s - a potion of poison
 w - 2 potions of cancellation
 z - 3 potions of degeneration
 E - a potion of resistance
 G - a potion of cure mutation
 H - a potion of agility
 J - a potion of ambrosia
 K - a potion of lignification
 N - 2 potions of magic {unknown}
Books
 h - a Fen Folio

   Spells                             Type                      Level
   a - Corpse Rot                     Necromancy                   2
   b - Stone Arrow                    Conjuration/Earth            3
   c - Leda's Liquefaction            Hexes/Earth                  4
   d - Summon Forest                  Summoning/Translocation      5
   e - Hydra Form                     Transmutation                6
   f - Summon Hydra                   Summoning                    7
   Trog disapproves of the use of such an item.
Comestibles
 c - 6 bread rations
 l - 2 meat rations


   Skills:
 + Level 8.0 Fighting
 * Level 7.8 Axes
 + Level 4.7 Armour
 + Level 8.8 Dodging


You had 9 spell levels left.
You didn't know any spells.

Dungeon Overview and Level Annotations

Branches:
Dungeon (8/15)             Temple (0/1) D:7
   Lair: D:8-11

Altars:
Cheibriados
Kikubaaqudgha
Makhleb
Nemelex Xobeh
Yredelemnul
Zin

Shops:
D:2 *   D:7 =


Message History

You are too injured to fight recklessly!
You are too injured to fight recklessly!
The orc wizard gestures at you while chanting.
You easily resist.
Items here: ))) [ † a hand axe x2 a dagger; a robe; an orc corpse You are too injured to fight recklessly!
You are too injured to fight recklessly!
You are too injured to fight recklessly!
You closely miss the orc wizard.
The orc priest calls down the wrath of Beogh upon you.
Something smites you!
* * * LOW HITPOINT WARNING * * *
The orc wizard closely misses you.
Unknown command.
The orc priest hits you but does no damage.
The orc wizard casts a spell at you. The magic dart hits you!
You die...

...# #..# ..##
###..# ....##
#...# # #...# .##
####o))##..#
#oo@).)..#.####
#....####[........
##.. ####...... #.
...... .. ..... ##
....... #...... #
....## ..
#<#.###...


You could see an orc priest, an orc wizard and an orc.

Vanquished Creatures
  Sigmund (D:2)
  A hippogriff (D:7)
  2 orc warriors
  A phantom (D:7)
  A water moccasin (D:6)
  A sky beast (D:7)
  2 centaurs (D:5)
  4 ogres
  An elf zombie (Ossuary)
  9 giant frogs
  A scorpion (D:8)
  6 killer bees (D:7)
  5 wights
  3 centaur zombies (Ossuary)
  A crimson imp (D:3)
  A human zombie (Ossuary)
  A quasit (D:7)
  3 hounds
  An iguana (D:7)
  2 jellies
  5 orc wizards
  Ijyb (D:3)
  5 orc priests
  A centaur skeleton (D:4)
  2 giant frog skeletons
  Terence (D:2)
  4 worker ants
  A big kobold zombie (Ossuary)
  A hound zombie (Ossuary)
  3 mummies (Ossuary)
  2 shadow imps
  6 adders
  3 oozes
  2 adder zombies (Ossuary)
  5 worms
  2 giant geckos
  29 orcs
  A ball python (D:2)
  7 bats
  5 giant cockroaches
  4 gnoll zombies (Ossuary)
  13 goblins
  11 hobgoblins
  3 quokkas (D:2)
  A giant gecko skeleton (D:4)
  7 giant newts
  4 goblin zombies (Ossuary)
  3 hobgoblin zombies (Ossuary)
  2 jackals (D:1)
  4 jackal zombies
  9 kobolds
  4 kobold zombies (Ossuary)
  An orc zombie (Ossuary)
  A quokka zombie (Ossuary)
  11 rats
  4 rat zombies (Ossuary)
215 creatures vanquished.

Notes
Turn   | Place    | Note
--------------------------------------------------------------
     0 | D:1      | Eucla the Merfolk Berserker began the quest for the Orb.
     0 | D:1      | Reached XP level 1. HP: 18/18 MP: 1/1
   129 | D:1      | Reached XP level 2. HP: 21/24 MP: 2/2
   483 | D:1      | Reached XP level 3. HP: 26/29 MP: 3/3
   587 | D:1      | Reached ** piety under Trog
   874 | D:2      | Noticed Terence
   887 | D:2      | Killed Terence
   887 | D:2      | Reached XP level 4. HP: 37/37 MP: 4/4
  1091 | D:2      | Reached skill level 4 in Fighting
  1258 | D:2      | Found Zin's Purification Station.
  1265 | D:2      | Found a glowing silver altar of Zin.
  1349 | D:2      | Noticed Sigmund
  1360 | D:2      | Killed Sigmund
  1360 | D:2      | Reached XP level 5. HP: 26/43 MP: 5/5
  1360 | D:2      | Reached XP level 6. HP: 29/49 MP: 6/6
  1574 | D:3      | Found a faded altar to an unknown god.
  1964 | D:3      | Reached *** piety under Trog
  1990 | D:3      | Found a snail-covered altar of Cheibriados.
  2249 | D:3      | Noticed Ijyb
  2282 | D:3      | Killed Ijyb
  2532 | D:4      | Reached XP level 7. HP: 33/55 MP: 7/7
  2704 | D:4      | Reached skill level 5 in Dodging
  2831 | D:4      | Reached **** piety under Trog
  2903 | D:4      | Reached skill level 5 in Fighting
  3317 | D:5      | Entered Level 5 of the Dungeon
  3339 | D:5      | Received a gift from Trog
  3397 | D:5      | Found a sparkling altar of Nemelex Xobeh.
  3586 | D:5      | Reached skill level 5 in Axes
  3636 | D:5      | HP: 1/56 [centaur/arrow (5)]
  3956 | D:5      | Reached XP level 8. HP: 47/63 MP: 8/8
  3988 | D:5      | Found a sand-covered staircase.
  3995 | Ossuary  | Entered an ossuary
  4177 | Ossuary  | Reached skill level 6 in Dodging
  4748 | D:5      | Found a burning altar of Makhleb.
  5657 | D:6      | Reached skill level 7 in Dodging
  5657 | D:6      | Reached XP level 9. HP: 71/71 MP: 9/9
  6551 | D:7      | Found a staircase to the Ecumenical Temple.
  6687 | D:7      | Found an ancient bone altar of Kikubaaqudgha.
  6688 | D:7      | Found a basalt altar of Yredelemnul.
  6982 | D:7      | Reached skill level 8 in Dodging
  7065 | D:7      | Got a scorched chain mail
  7076 | D:7      | Identified the +1 chain mail "Haareot" {rElec Str+4} (You found it on level 7 of the Dungeon)
  7117 | D:7      | Found Dophucse's Jewellery Boutique.
  7527 | D:8      | Found Inoich's Distillery.
  7568 | D:8      | Reached XP level 10. HP: 52/80 MP: 10/10
  7601 | D:8      | Killed from afar by an orc wizard

Action                   |  1- 3 |  4- 6 |  7- 9 | 10-12 || total
-------------------------+-------+-------+-------+-------++-------
Melee: Hand axe          |   121 |   213 |   470 |       ||   804
       Battleaxe         |       |       |   176 |    12 ||   188
Invok: Berserk           |     1 |       |     3 |       ||     4
       Trog's Hand       |       |     2 |     3 |       ||     5
  Use: Scroll            |       |       |    23 |       ||    23
       Potion            |       |       |     2 |       ||     2
 Stab: Sleeping          |     1 |       |       |       ||     1
  Eat: Chunk             |       |     7 |    12 |       ||    19
       Meat ration       |       |       |     1 |       ||     1
       Bread ration      |       |       |     1 |       ||     1
       Pizza             |       |       |     1 |       ||     1
